 Dungeon Crawl Stone Soup version 0.28-a0-1233-g92def6ad0a (webtiles) character file.

Game seed: 2807273941602500347

13694 Astera the Cruncher (level 12, -8/75 HPs)
             Began as a Tengu Gladiator on Dec 21, 2021.
             Was a Believer of Wu Jian.
             Mangled by a death yak (19 damage)
             ... on level 11 of the Dungeon on Dec 23, 2021.
             The game lasted 00:53:48 (17086 turns).

Astera the Cruncher (Tengu Gladiator)              Turns: 17086, Time: 00:53:49

Health: -8/75      AC: 10    Str: 20    XL:     12   Next: 8%
Magic:  0/13       EV: 19    Int:  8    God:    Wu Jian [**....]
Gold:   498        SH:  0    Dex: 16    Spells: 11/11 levels left

rFire   . . .      SeeInvis +   b - +1 lajatang (venom)
rCold   . . .      Faith    .   (shield currently unavailable)
rNeg    . . .      Spirit   +   i - +2 ring mail {rPois}
rPois   +          Reflect  .   D - +0 hat {Will+}
rElec   .          Harm     .   (no cloak)
rCorr   +          Rampage  .   o - +0 pair of gloves
Will    +....                   (boots unavailable)
Stlth   +.........              G - amulet of guardian spirit
HPRegen 0.22/turn               y - ring of see invisible
MPRegen 0.13/turn               g - ring of resist corrosion

@: flying quickly and evasively, quick
A: beak, talons 3, nimble flight
a: Renounce Religion, Wall Jump


You were on level 11 of the Dungeon.
You worshipped Wu Jian.
Wu Jian was pleased with you.
You visited 2 branches of the dungeon, and saw 12 of its levels.

You collected 822 gold pieces.
You spent 324 gold pieces at shops.

Inventory:

Hand Weapons
 b - a +1 lajatang of venom (weapon)
Missiles
 d - a throwing net (quivered)
Armour
 c - +0 acid dragon scales
 i - a +2 ring mail of poison resistance (worn)
 o - a +0 pair of gloves (worn)
 p - a +4 scale mail
 C - +0 steam dragon scales
 D - a +0 hat of willpower (worn)
Jewellery
 g - a ring of resist corrosion (right hand)
 w - a ring of resist corrosion
 y - a ring of see invisible (left hand)
 F - a +6 ring of dexterity
 G - an amulet of guardian spirit (around neck)
Wands
 e - a wand of charming (8)
 r - a wand of iceblast (5)
 z - a wand of digging (12)
 E - a wand of flame (4)
Scrolls
 h - a scroll of fog {unknown}
 j - a scroll of fear
 k - 4 scrolls of teleportation
 m - 2 scrolls of amnesia
 n - 3 scrolls of identify
 q - 4 scrolls of torment
 u - a scroll of blinking {unknown}
 B - a scroll of brand weapon {unknown}
 H - a scroll of summoning {unknown}
Potions
 a - 2 potions of flight {unknown}
 f - 3 potions of brilliance
 l - 2 potions of heal wounds
 s - a potion of cancellation
 t - 4 potions of curing
 v - 2 potions of attraction
 x - 3 potions of magic


   Skills:
 + Level 8.9 Fighting
 * Level 13.1 Staves
 - Level 3.4 Throwing
 + Level 8.8 Armour
 + Level 10.0 Dodging
 - Level 2.0 Stealth
 - Level 2.4 Air Magic
 - Level 1.7 Evocations


You had 11 spell levels left.
You didn't know any spells.
Your spell library contained the following spells:

 Spells                   Type           Power      Damage    Failure   Level
 Corpse Rot               Necr/Air       2%         N/A       52%         2
 Poisonous Vapours        Pois/Air       2%         N/A       52%         2
 Mephitic Cloud           Conj/Pois/Air  1%         N/A       82%         3
 Ignite Poison            Fire/Tmut/Pois 0%         N/A       89%         3
 Tukima's Dance           Hex            0%         N/A       89%         3
 Dispel Undead            Necr           0%         3d6       100%        4
 Passage of Golubria      Tloc           0%         N/A       100%        4
 Freezing Cloud           Conj/Ice/Air   0%         6-21      100%        5
 Yara's Violent Unravell  Hex/Tmut       0%         3d3       100%        5
 Death Channel            Necr           0%         N/A       100%        6


Dungeon Overview and Level Annotations

Branches:
Dungeon (11/15)            Temple (1/1) D:5            Lair (0/6) D:11
    Orc: D:9-12

Altars:
Ashenzari
Cheibriados
Dithmenos
Elyvilon
Fedhas
Gozag
Hepliaklqana
Kikubaaqudgha
Makhleb
Nemelex Xobeh
Okawaru
Qazlal
Ru
Sif Muna
Trog
Uskayaw
Vehumet
Wu Jian
Xom
Yredelemnul
Zin
The Shining One

Shops:
D:2 ?   D:8 (   D:9 !


Innate Abilities, Weirdness & Mutations

You have a beak for a mouth.
You have claws for feet.
Your magical nature lets you fly swiftly and evasively.


Message History

You claw the death yak, but do no damage.
The death yak is lightly wounded.
You spin and attack the death yak.
You hit the death yak. You peck the death yak.
The death yak is lightly wounded.
You spin and attack the death yak.
You hit the death yak but do no damage.
The death yak looks as sick as possible!
You claw the death yak, but do no damage.
The death yak is moderately wounded.
The death yak gores you!
You spin and attack the death yak.
You slash the death yak!
The death yak looks as sick as possible!
Your kick misses the death yak.
The death yak is moderately wounded.
The death yak gores you!! The death yak gores you.
You spin and attack the death yak repeatedly.
You hit the death yak. Your kick misses the death yak.
The death yak is heavily wounded.
You hit the death yak but do no damage.
The death yak looks as sick as possible!
You claw the death yak!
The death yak is heavily wounded.
You spin and attack the death yak.
You slice the death yak!!
The death yak is moderately wounded.
The death yak completely misses you. The death yak gores you!!
* * * LOW HITPOINT WARNING * * *
The death yak misses you.
You spin and attack the death yak repeatedly.
You hit the death yak.
The death yak looks as sick as possible!
You claw the death yak, but do no damage.
The death yak is moderately wounded.
You slice the death yak!!
The death yak looks as sick as possible!
You peck the death yak, but do no damage.
The death yak is heavily wounded.
You spin and attack the death yak.
You hit the death yak.
The death yak is heavily wounded.
The death yak gores you!!
You die...

#..............
#..............#
#..............#
########..............#
.......#...<...[......#
......................#
.....................#
.....................#
#########.Y@#.......##
##Y.######### #YY.##
#####
#######...####...#
.......[...#....##
..............###
#########...### #....##
...... ##.....##


You could see 4 death yaks.

Vanquished Creatures
  Gastronok (D:8)
  Erica (D:8)
  3 two-headed ogres
  A death yak (D:11)
  3 ugly things
  3 centaur zombies
  An unseen horror (D:8)
  Maggie (D:8)
  A troll (D:9)
  Grinder (D:5)
  Prince Ribbit (D:5)
  A shadow (D:8)
  Sigmund (D:4)
  2 humans (D:7)
  5 yaks (D:9)
  2 wyverns
  Eustachio (D:5)
  A wraith (D:9)
  2 steam dragons (D:8)
  Menkaure (D:6)
  2 water moccasins
  Edmund (D:5)
  4 acid dragons
  Duvessa (D:5)
  A hornet zombie (D:5)
  A necrophage (D:7)
  An ogre (D:4)
  2 orc warriors
  2 black bears
  4 centaurs
  2 kobold brigands
  3 bullfrogs
  A wyvern zombie (D:9)
  3 scorpions
  Dowan (D:5)
  6 killer bees
  8 wights
  8 howler monkeys
  A bullfrog zombie (D:7)
  2 hounds (D:5)
  7 orc priests
  A jelly (D:7)
  A bullfrog skeleton (D:5)
  A centaur skeleton (D:7)
  Ijyb (D:4)
  4 iguanas
  7 orc wizards
  3 howler monkey skeletons
  6 adders
  2 worms
  An adder skeleton (D:4)
  A dart slug (D:1)
  25 orcs
  6 endoplasms
  4 giant cockroaches
  5 goblins
  7 hobgoblins
  8 jackals
  12 kobolds
  A quokka (D:4)
  10 ball pythons
  2 bats
  2 frilled lizards
  A quokka skeleton (D:4)
  3 rats
208 creatures vanquished.

Notes
Turn   | Place    | Note
-------+----------+-------------------------------------------
     0 | D:1      | Astera the Tengu Gladiator began the quest for the Orb.
     0 | D:1      | Reached XP level 1. HP: 12/12 MP: 2/2
   241 | D:1      | Reached XP level 2. HP: 17/17 MP: 3/3
   724 | D:1      | Reached XP level 3. HP: 22/22 MP: 4/4
  1309 | D:2      | Found Viumok's Magic Scroll Emporium.
  1338 | D:2      | Bought a scroll of fear for 45 gold pieces
  1641 | D:2      | Bought a scroll of identify for 26 gold pieces
  1777 | D:3      | Reached XP level 4. HP: 27/27 MP: 5/5
  1880 | D:3      | Found a burning altar of Makhleb.
  1951 | D:3      | Reached skill level 4 in Staves
  2387 | D:4      | Noticed a scorpion
  2436 | D:4      | Noticed Ijyb
  2781 | D:4      | Killed a scorpion
  2782 | D:4      | Reached skill level 1 in Air Magic
  2782 | D:4      | Gained mutation: Your magical nature lets you fly swiftly
                  | and evasively. [Tengu growth]
  2782 | D:4      | Reached XP level 5. HP: 17/32 MP: 6/6
  2996 | D:4      | Upgraded the game from 0.28-a0-1212-gc6b4282bc0 to
                  | 0.28-a0-1227-ga9037bb4c8
  3028 | D:4      | Killed Ijyb
  3238 | D:4      | Noticed a kobold brigand
  3244 | D:4      | Noticed Sigmund
  3631 | D:4      | Reached skill level 1 in Evocations
  3822 | D:4      | Noticed an ogre
  3831 | D:4      | Killed an ogre
  3832 | D:4      | Reached XP level 6. HP: 21/37 MP: 7/7
  4522 | D:4      | Identified 2 scrolls of acquirement
  4529 | D:4      | Acquired a +1 lajatang of venom
  4682 | D:5      | Entered Level 5 of the Dungeon
  4682 | D:5      | Noticed Grinder
  4708 | D:4      | Killed Sigmund
  4709 | D:4      | Reached skill level 5 in Staves
  4709 | D:4      | Reached skill level 1 in Armour
  4709 | D:4      | Reached skill level 1 in Stealth
  4709 | D:4      | Reached XP level 7. HP: 16/42 MP: 8/8
  5666 | D:5      | Noticed Dowan
  5797 | D:5      | Reached skill level 5 in Dodging
  5843 | D:5      | Found a basalt altar of Yredelemnul.
  6079 | D:5      | Noticed Edmund
  6103 | D:5      | Killed Edmund
  6104 | D:5      | Reached XP level 8. HP: 20/45 MP: 9/9
  6176 | D:5      | Noticed Duvessa
  6410 | D:5      | Found a broken altar of Ashenzari.
  6456 | D:5      | Found a staircase to the Ecumenical Temple.
  6464 | Temple   | Entered the Ecumenical Temple
  6541 | Temple   | Became a worshipper of the Wu Jian Council
  6598 | D:5      | Killed Duvessa
  6599 | D:5      | Reached skill level 6 in Staves
  6920 | D:5      | Killed Dowan
  7076 | D:5      | Found a broken altar of Ashenzari.
  7252 | D:5      | Paralysed by Grinder for 7 turns
  7385 | D:6      | Noticed Eustachio
  7494 | D:5      | Killed Eustachio
  7665 | D:5      | Found a basalt altar of Yredelemnul.
  7701 | D:6      | Reached skill level 7 in Staves
  7820 | D:6      | Reached skill level 5 in Fighting
  7825 | D:6      | Noticed Menkaure
  8091 | D:2      | Bought a scroll of identify for 26 gold pieces
  8091 | D:2      | Bought a scroll of identify for 26 gold pieces
  8091 | D:2      | Bought a scroll of holy word for 97 gold pieces
  8091 | D:2      | Acquired 282 gold pieces
  8260 | D:5      | Paralysed by Grinder for 4 turns
  8267 | D:5      | Killed Grinder
  8268 | D:5      | Reached XP level 9. HP: 49/54 MP: 10/10
  8297 | D:6      | Noticed Prince Ribbit
  8302 | D:5      | Killed Prince Ribbit
  8439 | D:5      | Reached skill level 8 in Staves
  8605 | D:6      | Killed Menkaure
  9403 | D:7      | Reached skill level 5 in Armour
  9934 | D:7      | Reached skill level 9 in Staves
  9939 | D:7      | Reached * piety under Wu Jian
 10067 | D:7      | Found an iron altar of Okawaru.
 10126 | D:7      | Reached XP level 10. HP: 38/61 MP: 11/11
 10459 | D:8      | Found a shadowy altar of Dithmenos.
 10551 | D:8      | Noticed Erica
 10562 | D:8      | Killed Erica
 10563 | D:8      | Reached skill level 10 in Staves
 10857 | D:8      | Noticed Gastronok
 10884 | D:8      | Killed Gastronok
 11105 | D:8      | Noticed a two-headed ogre
 11559 | D:8      | Noticed Maggie
 11570 | D:8      | Killed Maggie
 11837 | D:8      | Reached skill level 11 in Staves
 11967 | D:8      | Found a sacrificial altar of Ru.
 11971 | D:8      | Found a shimmering blue altar of Sif Muna.
 11974 | D:8      | Found a blossoming altar of Fedhas.
 12051 | D:8      | Noticed an unseen horror
 12057 | D:8      | Killed an unseen horror
 12058 | D:8      | Reached XP level 11. HP: 62/67 MP: 12/12
 12086 | D:8      | Found Etuloofi's Antique Weapon Boutique.
 12354 | D:8      | Found a shadowy altar of Dithmenos.
 12412 | D:8      | Killed a two-headed ogre
 12827 | D:8      | Found a blossoming altar of Fedhas.
 12831 | D:8      | Found a shimmering blue altar of Sif Muna.
 12835 | D:8      | Found a sacrificial altar of Ru.
 12891 | D:8      | Found Etuloofi's Antique Weapon Boutique.
 13836 | D:9      | Found Xyimmamm's Distillery.
 13842 | D:9      | Bought a potion of heal wounds for 65 gold pieces
 13842 | D:9      | Bought a potion of curing for 39 gold pieces
 13873 | D:9      | Noticed a two-headed ogre
 13900 | D:9      | Killed a two-headed ogre
 13901 | D:9      | Reached skill level 12 in Staves
 13917 | D:9      | Noticed a red ugly thing
 14238 | D:9      | Found a bloodstained altar of Trog.
 14579 | D:10     | Entered Level 10 of the Dungeon
 14586 | D:10     | Noticed a brown ugly thing
 14604 | D:10     | Killed a brown ugly thing
 14711 | D:9      | Found a bloodstained altar of Trog.
 14746 | D:9      | Found Xyimmamm's Distillery.
 14805 | D:9      | Killed a red ugly thing
 15558 | D:10     | Noticed a two-headed ogre
 15570 | D:10     | Killed a two-headed ogre
 15597 | D:10     | Upgraded the game from 0.28-a0-1227-ga9037bb4c8 to
                  | 0.28-a0-1233-g92def6ad0a
 16207 | D:11     | Noticed a death yak
 16207 | D:11     | Noticed a death yak
 16215 | D:11     | Noticed a green ugly thing
 16276 | D:11     | Noticed a brown ugly thing
 16304 | D:10     | Killed a brown ugly thing
 16304 | D:10     | Reached ** piety under Wu Jian
 16676 | D:11     | Reached skill level 13 in Staves
 16676 | D:11     | Reached XP level 12. HP: 63/75 MP: 10/13
 16846 | D:11     | Found a staircase to the Lair.
 16847 | D:11     | Noticed a death yak
 16855 | D:11     | Noticed a death yak
 16857 | D:11     | Noticed a death yak
 16919 | D:11     | Killed a death yak
 16920 | D:11     | Reached skill level 10 in Dodging
 16922 | D:11     | Noticed a death yak
 17086 | D:11     | Mangled by a death yak

Illustrated notes

Levels and vault maps discovered:
D:1:      mrwooster_arrival_arrow, layout_loops_cross
D:2:      layout_basic, serial_shops, shop, chequers_avenue
D:3:      layout_loops_ring, mainiacjoe_overflow_brackets
D:4:      minmay_clustersquares, layout_basic, minmay_misc_feat_alley,
          uniq_ijyb, uniq_sigmund
D:5:      layout_rooms, yredelemnul_altar_generic, nicolae_ashenzari_skybound,
          minmay_temple_entry_slanted, uniq_grinder, uniq_duvessa, uniq_edmund
D:6:      layout_rooms, uniq_prince_ribbit1, uniq_menkaure, uniq_eustachio
D:7:      layout_basic, okawaru_humans
D:8:      minmay_evil_eye, layout_basic,
          nicolae_dithmenos_through_a_glass_darkly,
          minmay_overflow_temple_star_quad, serial_shops,
          nicolae_shop_advertising_works [nicolae_subvault_shop_adworks],
          uniq_maggie, uniq_gastronok, uniq_erica
D:9:      layout_small_grid, serial_shops, nicolae_shop_trees,
          minmay_ruined_shrine
D:10:     layout_rooms
D:11:     layout_cave_pods, dpeg_lair_monsters
Temple:   eino_temple_lava

Skill      XL: |  1  2  3  4  5  6  7  8  9 10 11 12 |
---------------+-------------------------------------+-----
Staves         | 4 5 7 9 11 13 | 13.1
Dodging        | 4 5 6 7 8 9 10 | 10.0
Fighting       | 3 4 5 6 7 8 |  8.9
Air Magic      | 1 2 |  2.4
Throwing       | 3 |  3.4
Evocations     | 1 |  1.7
Armour         | 1 2 4 5 7 8 |  8.8
Stealth        | 1 2 |  2.0

Action                   |  1- 3 |  4- 6 |  7- 9 | 10-12 || total
-------------------------+-------+-------+-------+-------++-------
Melee: Quarterstaff      |    75 |    31 |       |       ||   106
       Kick              |    16 |    39 |    58 |    92 ||   205
       Peck              |     8 |    20 |    43 |    80 ||   151
       Staff             |       |    90 |       |       ||    90
       Lajatang          |       |     3 |   209 |   296 ||   508
Throw: Throwing net      |     1 |     2 |       |     1 ||     4
       Dart              |       |       |       |     5 ||     5
Invok: Lunge             |       |       |     8 |    33 ||    41
       Whirlwind         |       |       |       |    41 ||    41
  Use: Scroll            |       |     7 |     3 |     5 ||    15
       Potion            |       |       |     1 |     1 ||     2
 Stab: Sleeping          |       |       |       |     1 ||     1
Armor: Leather armour    |     4 |       |       |       ||     4
       Scale mail        |    19 |    41 |    17 |       ||    77
       Ring mail         |       |       |    34 |    67 ||   101
Dodge: Dodged            |    38 |    47 |   163 |   191 ||   439
Block: Buckler           |       |    18 |       |       ||    18

Table legend: (Time is in decaauts)
 A = Elapsed time spent in this place.
 B = Non-inter-level travel time spent in this place.
 C = Inter-level travel time spent in this place.
 D = Time resting spent in this place.
 E = Time spent auto-exploring this place.
 F = Levels seen in this place.
 G = Mean time per level.
                   A        B        C        D        E       F      G
               +--------+--------+--------+--------+--------+-----+--------+
         Total |  16298 |  15429 |    869 |   4655 |   6414 |  12 | 1358.2 |
       Dungeon |  16220 |  15351 |    869 |   4655 |   6372 |  11 | 1474.5 |
        Temple |     77 |     77 |      0 |      0 |     41 |   1 |   77.0 |
               +--------+--------+--------+--------+--------+-----+--------+

Top non-repeatable levels by time:
     D:4: 3500 daAuts
     D:8: 2896 daAuts
     D:5: 1770 daAuts
     D:9: 1742 daAuts
     D:7: 1309 daAuts
     D:3: 1115 daAuts
    D:10: 1039 daAuts
     D:2: 1018 daAuts
     D:1: 775 daAuts
     D:6: 575 daAuts
    D:11: 476 daAuts
  Temple: 77 daAuts
